 Dungeon Crawl Stone Soup version 0.29-a0-1047-g7c58e119a4 (webtiles) character file.

Game seed: 2439283239815902477

23599 Zeldest the Brawler (level 12, 0/128 HPs)
             Began as a Troll Delver on Aug 16, 2022.
             Slain by a yak (12 damage)
             ... on level 4 of the Lair of Beasts.
             The game lasted 00:18:48 (9329 turns).

Zeldest the Brawler (Troll Delver)                  Turns: 9329, Time: 00:18:49

Health: 0/128      AC: 11    Str: 23    XL:     12   Next: 73%
Magic:  11/11      EV: 10    Int: 10    God:
Gold:   863        SH:  0    Dex: 11    Spells: 11/11 levels left

rFire   . . .      SeeInvis .     - Unarmed
rCold   + . .      Faith    .   N - orb {light}
rNeg    . . .      Spirit   .   i - +0 troll leather armour
rPois   .          Reflect  .   K - +1 hat
rElec   .          Harm     .   (no cloak)
rCorr   .          Rampage  .   (gloves unavailable)
Will    .....                   (boots unavailable)
Stlth   +.........              y - amulet of magic regeneration
HPRegen 1.91/turn               B - ring of protection from cold
MPRegen 0.52/turn               C - +4 ring of protection

@: lethally poisoned (0 -> 0), glowing, studying Long Blades
A: large, unfitting armour, claws 3, regeneration 1, shaggy fur 1, tough skin 1
a: no special abilities


You were on level 4 of the Lair of Beasts.
You visited 3 branches of the dungeon, and saw 14 of its levels.
You also visited: Sewer.

You collected 863 gold pieces.

Inventory:

Missiles
 A - 5 throwing nets (quivered)
 D - 5 large rocks
Armour
 i - a +0 troll leather armour (worn)
 G - +0 steam dragon scales
 J - a +2 robe of willpower
 K - a +1 hat (worn)
 N - an orb of light (worn)
Jewellery
 y - an amulet of magic regeneration (around neck)
 B - a ring of protection from cold (left claw)
 C - a +4 ring of protection (right claw)
 O - a ring of magical power
 S - a ring of wizardry
Wands
 d - a wand of roots (3)
 f - a wand of digging (8)
 m - a wand of charming (11)
 w - a wand of flame (37)
 E - a wand of polymorph (7)
 H - a wand of mindburst (18)
Scrolls
 a - 2 scrolls of enchant armour {unknown}
 b - a scroll of fog
 c - 4 scrolls of magic mapping
 e - a scroll of noise {unknown}
 g - 2 scrolls of immolation {unknown}
 h - 2 scrolls of poison {unknown}
 l - 5 scrolls of teleportation
 r - 3 scrolls of amnesia
 t - 2 scrolls of enchant weapon {unknown}
 x - 2 scrolls of vulnerability {unknown}
 F - 2 scrolls of brand weapon {unknown}
 M - 4 scrolls of identify
 Q - a scroll of summoning {unknown}
 R - a scroll of fear
Potions
 j - 2 potions of brilliance {unknown}
 k - 4 potions of flight
 n - 7 potions of curing
 o - 2 potions of invisibility {unknown}
 p - 5 potions of mutation
 q - 2 potions of berserk rage
 s - 2 potions of attraction {unknown}
 u - 2 potions of cancellation
 v - 2 potions of heal wounds {unknown}
 z - a potion of resistance {unknown}
 L - a potion of lignification
 T - a potion of might {unknown}
Miscellaneous
 I - a phantom mirror (inert)
 P - a lightning rod (4/4)


   Skills:
 + Level 10.6 Fighting
 + Level 3.9 Armour
 + Level 4.3 Dodging
 - Level 2.7 Stealth
 + Level 16.4 Unarmed Combat


You had 11 spell levels left.
You didn't know any spells.
Your spell library contained the following spells:

 Spells                   Type           Power      Damage    Failure   Level
 Foxfire                  Conj/Fire      0%         2x1d4     41%         1
 Summon Small Mammal      Summ           0%         N/A       41%         1
 Blink                    Tloc           0%         N/A       54%         2
 Ensorcelled Hibernation  Hex/Ice        0%         N/A       54%         2
 Call Canine Familiar     Summ           0%         N/A       78%         3
 Conjure Flame            Conj/Fire      0%         6-21      78%         3
 Ignite Poison            Fire/Tmut/Pois 0%         N/A       78%         3
 Inner Flame              Hex/Fire       0%         N/A       78%         3
 Lesser Beckoning         Tloc           0%         N/A       78%         3
 Mephitic Cloud           Conj/Pois/Air  0%         N/A       78%         3
 Spider Form              Tmut/Pois      0%         N/A       78%         3
 Summon Guardian Golem    Hex/Summ       0%         N/A       78%         3
 Anguish                  Hex/Necr       0%         N/A       99%         4
 Cause Fear               Hex            0%         N/A       99%         4
 Flame Wave               Conj/Fire      0%         2d4       99%         4
 Passage of Golubria      Tloc           0%         N/A       99%         4
 Summon Lightning Spire   Summ/Air       0%         N/A       99%         4
 Freezing Cloud           Conj/Ice/Air   0%         6-21      100%        5
 Manifold Assault         Tloc           0%         N/A       100%        5
 Silence                  Hex/Air        0%         N/A       100%        5
 Storm Form               Tmut/Air       0%         N/A       100%        7
 Discord                  Hex            0%         N/A       100%        8
 Lehudib's Crystal Spear  Conj/Erth      0%         10d2      100%        8
 Maxwell's Capacitive Co  Air            0%         ∞         100%        8


Dungeon Overview and Level Annotations

Branches:
Dungeon (11/15)            Temple (1/1) D:7            Lair (4/5) D:10
 Shoals (0/4) Lair:3        Sewer (visited)
  Snake: Lair:2-3    Spider: Lair:2-3     Slime: Lair:4-5       Orc: D:9-12

Altars:
Cheibriados
Elyvilon
Gozag
Hepliaklqana
Makhleb
Nemelex Xobeh
Qazlal
Sif Muna
Trog
Uskayaw
Vehumet
Xom
Zin
The Shining One

Annotations:
D:6 2 transporters, codytheliberalslayer's ghost, novice GnWn
D:9 1 transporter, miscthings's ghost, novice MeAr


Innate Abilities, Weirdness & Mutations

You are too large for most types of armour.
You have claws for hands.
Your natural rate of healing is unusually fast.
You are covered in fur. (AC +1)
You have tough skin. (AC +1)


Message History

You mangle the cane toad!!
You kill the cane toad!
You feel very sick.
You mangle the yak!!
The yak is severely wounded.
You feel very sick. The yak gores you.
You mangle the yak!!
You kill the yak!
You feel very sick. The yak gores you!
You scratch the yak.
The yak is lightly wounded.
You feel sick.
You scratch the yak but do no damage.
The yak is lightly wounded.
You feel sick. The yak closely misses you. The yak gores you.
You scratch the yak but do no damage.
The yak is lightly wounded.
You feel sick. The yak barely misses you. The yak misses you.
You mangle the yak!!
The yak is almost dead.
You feel sick. The yak gores you!
* * * LOW HITPOINT WARNING * * *
The yak gores you!
* * * LOW HITPOINT WARNING * * *
You mangle the yak!!
You kill the yak!
You feel sick. The yak attacks as you move away! The yak gores you!
* * * LOW HITPOINT WARNING * * *
You feel sick.
You see here a yak corpse.
You mangle the yak!!
The yak is heavily wounded.
You feel sick. The yak gores you but does no damage.
You claw the yak!
The yak is almost dead.
You feel sick. The yak gores you!
You die...

..# #..###
#...P## #...P.
##.... ...#
##..# #.Y.# ###
#
##@.###.###.###.
##..............
#.......<.......
##...#.#..#.##..
#...#....#
...........Y
###...........
#####..###.##
#.## ##


You could see a yak.

Vanquished Creatures
  Harold (D:9)
  Erica (D:9)
  3 hydras
  A catoblepas (D:9)
  A centaur warrior (D:9)
  5 two-headed ogres
  Pikel (D:9)
  2 cyclopes
  A manticore (Lair:3)
  An ugly thing (D:9)
  Maurice (D:8)
  Joseph (D:10)
  A black mamba (Lair:2)
  Maggie (D:8)
  A komodo dragon (Lair:2)
  7 cane toads
  A freezing wraith (D:9)
  2 trolls (D:9)
  4 blink frogs (Lair:1)
  A hornet (D:10)
  A wind drake (Lair:3)
  Sigmund (D:4)
  A shadow (D:9)
  A wyvern (D:9)
  14 yaks
  3 wraiths
  2 vampire mosquitoes (D:10)
  3 basilisks
  A steam dragon (D:8)
  2 water moccasins
  3 ice beasts
  4 sky beasts
  3 orc warriors (D:10)
  2 black bears
  9 wolves
  3 centaurs
  3 lemures
  3 kobold brigands
  10 bullfrogs
  Blork the orc (D:5)
  6 necrophages
  2 gnoll sergeants
  3 scorpions
  8 wights
  5 killer bees (D:9)
  2 howler monkeys
  A hound (D:6)
  A jelly (D:6)
  10 orc priests
  A gnoll bouda (D:9)
  A merfolk siren (Sewer)
  13 orc wizards
  A merfolk avatar (Sewer)
  10 gnolls
  6 adders
  A river rat (Sewer)
  A shadow imp (D:6)
  5 white imps
  A worm (D:4)
  28 orcs
  9 ball pythons
  3 bats (D:3)
  An endoplasm (D:4)
  5 giant cockroaches
  3 hobgoblins
  2 jackals (D:5)
  11 kobolds
  5 quokkas
  5 frilled lizards (Sewer)
  32 rats
289 creatures vanquished.

Vanquished Creatures (others)
  A wizard (D:10)
  7 fungi
  15 plants
23 creatures vanquished.

Grand Total: 312 creatures vanquished

Notes
Turn   | Place    | Note
-------+----------+-------------------------------------------
     0 | D:5      | Zeldest the Troll Delver began the quest for the Orb.
     0 | D:5      | Reached XP level 1. HP: 22/22 MP: 0/0
    27 | D:4      | Noticed Sigmund
    28 | D:4      | Noticed a necrophage
    30 | D:4      | Noticed a necrophage
    41 | D:4      | Killed a necrophage
    42 | D:4      | Reached skill level 3 in Unarmed Combat
    42 | D:4      | Reached XP level 2. HP: 7/31 MP: 1/1
    42 | D:4      | Reached XP level 3. HP: 9/37 MP: 2/2
    73 | D:3      | Found a large runed translucent door.
    74 | D:3      | Found a large runed translucent door.
   112 | D:3      | Reached XP level 4. HP: 41/43 MP: 3/3
   215 | D:3      | Found a glowing drain.
   238 | Sewer    | Entered a sewer
   315 | Sewer    | Reached skill level 4 in Unarmed Combat
   435 | Sewer    | Noticed a malarious merfolk avatar
   459 | Sewer    | Reached XP level 5. HP: 50/53 MP: 4/4
  1250 | D:3      | Found a snail-covered altar of Cheibriados.
  1260 | D:3      | Found a stormy altar of Qazlal.
  1373 | D:4      | Reached skill level 5 in Unarmed Combat
  1432 | D:4      | Reached XP level 6. HP: 48/62 MP: 5/5
  1578 | D:4      | Killed Sigmund
  1579 | D:4      | Reached skill level 6 in Unarmed Combat
  1931 | D:6      | Reached XP level 7. HP: 57/68 MP: 6/6
  2011 | D:6      | Reached skill level 7 in Unarmed Combat
  2093 | D:5      | Noticed Blork the orc
  2098 | D:5      | Killed Blork the orc
  2706 | D:5      | Reached skill level 5 in Fighting
  2706 | D:5      | Reached XP level 8. HP: 80/80 MP: 7/7
  2932 | D:5      | Reached skill level 8 in Unarmed Combat
  3324 | D:6      | Reached skill level 9 in Unarmed Combat
  3329 | D:6      | Found a transporter.
  3330 | D:6      | Noticed codytheliberalslayer's ghost (novice GnWn)
  3339 | D:6      | Found a transporter.
  3341 | D:6      | Noticed a two-headed ogre
  3668 | D:6      | Reached XP level 9. HP: 69/89 MP: 8/8
  3732 | D:7      | Noticed a cyclops
  3762 | D:6      | Killed a cyclops
  3763 | D:6      | Reached skill level 10 in Unarmed Combat
  4091 | D:7      | Found a staircase to the Ecumenical Temple.
  4297 | Temple   | Entered the Ecumenical Temple
  4361 | D:7      | Reached skill level 11 in Unarmed Combat
  4489 | D:7      | Found a glowing silver altar of Zin.
  4820 | D:8      | Identified the +4 long sword of Starshine {flame, rN+ Will-
                  | Dex+3 SInv}
  4910 | D:8      | Noticed Maurice
  5052 | D:8      | Killed Maurice
  5148 | D:8      | Noticed Maggie
  5159 | D:8      | Killed Maggie
  5160 | D:8      | Reached XP level 10. HP: 102/102 MP: 9/9
  5182 | D:8      | Reached skill level 12 in Unarmed Combat
  5603 | D:9      | Noticed Harold
  5622 | D:9      | Killed Harold
  5626 | D:9      | Noticed Pikel
  5726 | D:9      | Killed Pikel
  5866 | D:9      | Found a transporter.
  5871 | D:9      | Found a transporter.
  5875 | D:9      | Noticed miscthings's ghost (novice MeAr)
  5986 | D:9      | Noticed Erica
  5992 | D:9      | Killed Erica
  5993 | D:9      | Reached skill level 13 in Unarmed Combat
  6013 | D:9      | Noticed a two-headed ogre
  6028 | D:9      | Killed a two-headed ogre
  6075 | D:9      | Noticed a two-headed ogre
  6080 | D:9      | Noticed a cyan ugly thing
  6083 | D:9      | Killed a two-headed ogre
  6084 | D:9      | Reached XP level 11. HP: 74/113 MP: 10/10
  6084 | D:9      | Noticed a catoblepas
  6087 | D:9      | Killed a cyan ugly thing
  6088 | D:9      | Reached skill level 14 in Unarmed Combat
  6092 | D:9      | Killed a catoblepas
  6182 | D:9      | Identified the +1 robe "Nemon" {Int+6}
  6182 | D:9      | Noticed a centaur warrior
  6323 | D:9      | Killed a centaur warrior
  6821 | D:10     | Entered Level 10 of the Dungeon
  6868 | D:10     | Noticed a two-headed ogre
  6873 | D:10     | Killed a two-headed ogre
  6874 | D:10     | Reached skill level 15 in Unarmed Combat
  7171 | D:10     | Found a staircase to the Lair.
  7192 | D:10     | Noticed Joseph
  7203 | D:10     | Killed Joseph
  7444 | D:10     | Noticed a two-headed ogre
  7449 | D:10     | Killed a two-headed ogre
  7480 | D:10     | Found a bloodstained altar of Trog.
  7532 | D:10     | Noticed a two-headed ogre
  7539 | D:10     | Killed a two-headed ogre
  7565 | D:10     | Noticed a wizard
  7567 | D:10     | Killed a wizard
  7745 | Lair:1   | Entered Level 1 of the Lair of Beasts
  7745 | Lair:1   | Noticed a five-headed hydra
  7840 | Lair:1   | Reached skill level 1 in Armour
  7842 | Lair:1   | Reached XP level 12. HP: 104/126 MP: 11/11
  7881 | Lair:1   | Identified the ring of Kutrasm {rC- rCorr AC+4 Dex+9
                  | Slay-6}
  7955 | Lair:1   | Reached skill level 10 in Fighting
  7983 | Lair:1   | Noticed a six-headed hydra
  7990 | Lair:1   | Killed a seven-headed hydra
  8064 | Lair:1   | Noticed a six-headed hydra
  8071 | Lair:1   | Killed a six-headed hydra
  8340 | Lair:1   | Reached skill level 16 in Unarmed Combat
  8614 | Lair:2   | Noticed a six-headed hydra
  8636 | Lair:2   | Killed a six-headed hydra
  8773 | Lair:3   | Found a staircase to the Shoals.
  9329 | Lair:4   | Slain by a yak

Illustrated notes

Levels and vault maps discovered:
D:3:      layout_loops_ring, jmf_multi_god_temple2, portal_sewer_entry_b,
          kennysheep_generic_room_8
D:4:      layout_basic, uniq_sigmund
D:5:      layout_loops_cross, uniq_blork_the_orc
D:6:      layout_basic, gammafunk_ghost_smash, serial_bayou_pond_b,
          chequers_mini_garden
D:7:      layout_cave_pods, mainiacjoe_overflow_six_doors_small,
          minmay_temple_entry_junction, minmay_misc_feat_hallway
D:8:      layout_cave_pools, uniq_maggie, uniq_maurice
D:9:      minmay_the_grid_triangle_9x9_recursive_2
          [minmay_the_grid_triangle_9x9_prize_center,
          minmay_the_grid_triangle_9x9_corrupted_corridor,
          minmay_the_grid_triangle_9x9_sparse_checkered,
          minmay_the_grid_triangle_9x9_dagger], layout_long_grid,
          gammafunk_ghost_hive, uniq_erica, uniq_harold, uniq_pikel
D:10:     layout_irregular_city, trog_wizard, grunt_lair_entry_orc_guard_hut,
          hangedman_decor_diamond_cutter, uniq_joseph
D:11:     nicolae_whirlpool, layout_basic
Temple:   dpeg_three_leaves_temple
Lair:1:   layout_roguey, lemuel_another_geyser
Lair:2:   layout_chaotic_city, dummy_spider_entry, minivault_11,
          minmay_lindwurm_lava, grunt_megastairs_4, infiniplex_staircase_pool_2
Lair:3:   layout_misc_corridors, minmay_shoals_entry_beasts, lemuel_fruit_fields
Lair:4:   layout_long_grid, slime_entry_1

Skill      XL: |  1  2  3  4  5  6  7  8  9 10 11 12 |
---------------+-------------------------------------+-----
Fighting       | 3 4 5 6 7 8 9 10 | 10.6
Unarmed Combat | 3 4 5 6 7 9 11 13 15 16 | 16.4
Dodging        | 2 4 |  4.3
Armour         | 1 3 |  3.9
Stealth        | |  2.7

Action                   |  1- 3 |  4- 6 |  7- 9 | 10-12 || total
-------------------------+-------+-------+-------+-------++-------
Melee: Unarmed           |    15 |   222 |   288 |   374 ||   899
       Punch             |       |     4 |    10 |    16 ||    30
Throw: Throwing net      |       |       |       |     1 ||     1
Evoke: Wand              |       |       |       |    10 ||    10
       Phantom mirror    |       |       |       |     2 ||     2
  Use: Potion            |     1 |       |     2 |     4 ||     7
       Scroll            |       |     1 |     5 |     4 ||    10
 Stab: Sleeping          |       |     7 |     1 |     1 ||     9
       Distracted        |       |       |     2 |       ||     2
Armor: Robe              |     6 |    70 |    92 |     1 ||   169
       Skin              |       |       |     7 |    79 ||    86
       Steam dragon scal |       |       |       |    28 ||    28
       Troll leather arm |       |       |       |   104 ||   104
Dodge: Dodged            |     8 |    88 |   134 |   132 ||   362

Table legend: (Time is in decaauts)
 A = Elapsed time spent in this place.
 B = Non-inter-level travel time spent in this place.
 C = Inter-level travel time spent in this place.
 D = Time resting spent in this place.
 E = Time spent auto-exploring this place.
 F = Levels seen in this place.
 G = Mean time per level.
                   A        B        C        D        E       F      G
               +--------+--------+--------+--------+--------+-----+--------+
         Total |   9228 |   8756 |    472 |   1055 |   5267 |  15 |  615.2 |
       Dungeon |   7259 |   6854 |    405 |    942 |   4080 |   9 |  806.6 |
        Temple |      1 |      1 |      0 |      0 |      0 |   1 |    1.0 |
          Lair |   1535 |   1469 |     66 |    113 |   1030 |   4 |  383.8 |
         Sewer |    431 |    431 |      0 |      0 |    157 |   1 |  431.0 |
               +--------+--------+--------+--------+--------+-----+--------+

Top non-repeatable levels by time:
     D:9: 1262 daAuts
     D:7: 1082 daAuts
     D:5: 924 daAuts
     D:6: 864 daAuts
     D:3: 848 daAuts
    D:10: 832 daAuts
  Lair:1: 766 daAuts
     D:4: 762 daAuts
     D:8: 680 daAuts
  Lair:3: 533 daAuts
   Sewer: 431 daAuts
  Lair:2: 214 daAuts
  Lair:4: 21 daAuts
  Temple: 1 daAuts
    D:11: 1 daAuts
